 Dungeon Crawl Stone Soup version 0.27-a0-1612-gde56a17b89 (webtiles) character file.

Game seed: 16577861137202642378

1570 siradein the Slicer (level 8, -1/38 HPs)
             Began as a Vine Stalker Brigand on July 22, 2021.
             Was an Initiate of Dithmenos.
             Killed by divine providence
             ... invoked by an orc priest
              (12 damage)
             ... on level 6 of the Dungeon.
             The game lasted 00:13:32 (5380 turns).

siradein the Slicer (Vine Stalker Brigand)          Turns: 5380, Time: 00:13:32

Health: -1/38      AC: 10    Str: 15    XL:     8   Next: 90%
Magic:  0/9        EV:  9    Int: 11    God:    Dithmenos [......]
Gold:   321        SH: 13    Dex: 26    Spells: 7/7 levels left

rFire    + . .     SeeInvis .   r - +1 short sword (protect)
rCold    . . .     Faith    .   z - +2 kite shield
rNeg     . . .     Spirit   +   A - +1 leather armour {rF+}
rPois    .         Reflect  .   x - +2 hat
rElec    .         Harm     .   c - +0 cloak
rCorr    .         Rampage  .   s - +2 pair of gloves {Dex+3}
Will     +....                  (no boots)
Stlth    +++.......             (no amulet)
HPRegen  1.12/turn              p - +6 ring of dexterity
MPRegen  0.11/turn              (no ring)

@: no status effects
A: fangs 3, regeneration 1, magic shield, antimagic bite, no potion heal 2
a: Renounce Religion


You were on level 6 of the Dungeon.
You worshipped Dithmenos.
Dithmenos was noncommittal.
You visited 2 branches of the dungeon, and saw 7 of its levels.

You collected 321 gold pieces.

Inventory:

Hand Weapons
 q - a +2 dagger of speed
 r - a +1 short sword of protection (weapon)
Missiles
 d - 8 poisoned darts (quivered)
 e - 2 curare-tipped darts
 y - 4 javelins
Armour
 c - a +0 cloak (worn)
 s - a +2 pair of gloves of dexterity (worn)
 x - a +2 hat (worn)
 z - a +2 kite shield (worn)
 A - a +1 leather armour of fire resistance (worn)
Jewellery
 p - a +6 ring of dexterity (left hand)
Wands
 t - a wand of polymorph (10)
Scrolls
 g - 2 scrolls of enchant armour
 h - a scroll of enchant weapon {unknown}
 j - a scroll of summoning {unknown}
 n - 2 scrolls of fog {unknown}
 o - a scroll of immolation {unknown}
 u - a scroll of teleportation {unknown}
 v - 2 scrolls of identify {unknown}
Potions
 a - 5 potions of curing {unknown}
 b - a potion of heal wounds {unknown}
 f - a potion of invisibility {unknown}
 i - 3 potions of might {unknown}
 k - 2 potions of magic {unknown}
 l - 2 potions of attraction {unknown}
 m - 3 potions of degeneration {unknown}
 w - a potion of brilliance {unknown}


   Skills:
 - Level 1.7 Fighting
 + Level 8.8 Short Blades
 - Level 1.7 Throwing
 - Level 0.7 Dodging
 - Level 4.8 Stealth
 + Level 4.8 Shields


You had 7 spell levels left.
You didn't know any spells.
Your spell library contained the following spells:

 Spells                   Type           Power      Damage    Failure   Level
 Magic Dart               Conj           0%         1d3       86%         1
 Call Imp                 Summ           0%         N/A       94%         2
 Ignite Poison            Fire/Tmut/Pois 0%         N/A       99%         3
 Mephitic Cloud           Conj/Pois/Air  0%         N/A       99%         3
 Bolt of Magma            Conj/Fire/Erth 0%         4d4       100%        5


Dungeon Overview and Level Annotations

Branches:
Dungeon (6/15)             Temple (1/1) D:5

Altars:
Cheibriados
Dithmenos
Elyvilon
Fedhas
Hepliaklqana
Kikubaaqudgha
Makhleb
Nemelex Xobeh
Okawaru
Qazlal
Ru
Sif Muna
Trog
Uskayaw
Wu Jian
Xom
Yredelemnul
Zin
The Shining One

Annotations:
D:3 1 runed translucent door, ew1980's ghost, weakling FeTm


Innate Abilities, Weirdness & Mutations

You have razor-sharp teeth.
Your natural rate of healing is unusually fast.
When hurt, damage is shared between your health and your magic reserves.
Your bite disrupts and absorbs the magic of your enemies.
Potions cannot restore your health.


Message History

No target in view!
An orc warrior comes into view. It is wielding a +0 glaive.
The orc warrior moves out of view.
You see here 11 gold pieces.
A hound is nearby!
A hound is nearby!
A hound is nearby!
A hound is nearby!
A hound is nearby!
Found a blue potion.
Found a scroll of noise.
Found a stone staircase leading down.
You strike the helpless hound from behind!
You impale the hound!!
Your weapon exudes an aura of protection.
You kill the hound!
Dithmenos accepts your kill.
No target in view!
No target in view!
No target in view!
m - 3 blue potions (gained 1)
An orc warrior is nearby!
An orc warrior is nearby!
An orc warrior is nearby!
An orc warrior is nearby!
An orc warrior is nearby!
An orc comes into view. It is wielding a +0 flail.
An orc comes into view. It is wielding a +2 war axe of venom.
The orc warrior hits you from afar with a +0 glaive!!
An orc priest comes into view. It is wielding a +3 mace.
The orc shouts!
An orc comes into view. It is wielding a +0 club.
The orc shouts!
The orc priest shouts!
The orc warrior hits you with a +0 glaive!!
* * * LOW HITPOINT WARNING * * *
You are too injured to fight recklessly!
You block the orc warrior's attack.
The orc priest invokes the aid of Beogh against you.
Beogh smites you!
You die...

#..............
#............#
###)...$.......######
..............#....### .
#o.........#.#....##.
..###.................##.
..o......>..........†....
.###..o$.................
..o...o.@.............##.
.####...........(......##
#.................##
#.#.###...........#
...#...............#
##..###.#.........### #..
...###.......#
.......>.....†...#
#########...#.?.#


You could see an orc warrior, an orc priest and 3 orcs.

Vanquished Creatures
  Sigmund (D:3)
  A water moccasin (D:5)
  3 ogres
  A centaur (D:5)
  A phantom (D:4)
  2 bullfrogs (D:6)
  A scorpion (D:5)
  4 wights (D:6)
  An orc priest (D:5)
  3 hounds
  A bullfrog skeleton (D:4)
  4 iguanas
  2 orc wizards
  7 gnolls
  A howler monkey skeleton (D:4)
  6 adders
  A white imp (D:5)
  2 adder skeletons (D:4)
  4 worms
  A dart slug (D:2)
  15 orcs
  5 endoplasms
  4 giant cockroaches
  4 hobgoblins
  5 jackals
  3 quokkas
  3 ball pythons
  3 bats
  6 frilled lizards
  5 goblins
  9 kobolds
  7 rats
116 creatures vanquished.

Vanquished Creatures (others)
  A rat (D:2)
1 creature vanquished.

Grand Total: 117 creatures vanquished

Notes
Turn   | Place    | Note
-------+----------+-------------------------------------------
     0 | D:1      | siradein the Vine Stalker Brigand began the quest for the
                  | Orb.
     0 | D:1      | Reached XP level 1. HP: 11/11 MP: 2/2
   139 | D:1      | Reached skill level 2 in Short Blades
   269 | D:1      | Reached XP level 2. HP: 8/15 MP: 3/3
   812 | D:1      | Reached skill level 3 in Short Blades
  1136 | D:1      | Reached XP level 3. HP: 3/18 MP: 1/4
  1404 | D:2      | Found a burning altar of Makhleb.
  2347 | D:2      | Gained mutation: Your natural rate of healing is unusually
                  | fast. [Vine Stalker growth]
  2347 | D:2      | Reached XP level 4. HP: 19/23 MP: 5/5
  2538 | D:3      | Reached skill level 4 in Short Blades
  2910 | D:3      | Noticed Sigmund
  2915 | D:3      | Killed Sigmund
  2916 | D:3      | Reached skill level 5 in Short Blades
  2916 | D:3      | Reached XP level 5. HP: 26/26 MP: 6/6
  2916 | D:3      | Reached XP level 6. HP: 30/30 MP: 7/7
  2986 | D:3      | Found a runed translucent door.
  2986 | D:3      | Noticed ew1980's ghost (weakling FeTm)
  3546 | D:4      | Reached skill level 6 in Short Blades
  4086 | D:4      | Reached XP level 7. HP: 18/34 MP: 6/8
  4307 | D:4      | Found a burning altar of Makhleb.
  4308 | D:4      | Found a hazy altar of Hepliaklqana.
  4465 | D:5      | Entered Level 5 of the Dungeon
  4490 | D:4      | Reached skill level 7 in Short Blades
  4544 | D:5      | Reached skill level 1 in Shields
  4677 | D:4      | Gained mutation: You have razor-sharp teeth. [Vine Stalker
                  | growth]
  4677 | D:4      | Reached XP level 8. HP: 35/38 MP: 7/9
  4837 | D:5      | Found an ornate altar of the Wu Jian Council.
  4851 | D:5      | Reached skill level 8 in Short Blades
  4942 | D:5      | Noticed a +0 short sword
  4942 | D:5      | Noticed a +0 short sword
  4942 | D:5      | Noticed a +0 dagger
  4942 | D:5      | Noticed a +0 falchion
  4942 | D:5      | Noticed a +0 dagger
  4943 | D:5      | Noticed a +0 spear
  4943 | D:5      | Noticed a +0 falchion
  4943 | D:5      | Noticed a +0 spear
  4945 | D:5      | Found a hide-covered altar of Uskayaw.
  4955 | D:5      | Found a staircase to the Ecumenical Temple.
  5178 | Temple   | Entered the Ecumenical Temple
  5185 | Temple   | Became a worshipper of Dithmenos the Shadowed
  5380 | D:6      | Killed from afar by an orc priest

Illustrated notes

Levels and vault maps discovered:
D:1:      mrwooster_arrival_statue_3, layout_loops_ring, chequers_jeans
D:2:      layout_basic, basic_altar, lemuel_old_faithful
D:3:      layout_loops_corners, gammafunk_ghost_grave,
          minmay_fractal_squares_gapless_5, uniq_sigmund
D:4:      layout_gridville, gammafunk_temple_overflow_pools, serial_park_tiny_1,
          minmay_box_of_dots
D:5:      layout_rooms, nicolae_uskayaw_en_pointe,
          nicolae_overflow_crystal_walls, minmay_temple_entry_tees, st_stairs_6
D:6:      layout_rooms, mainiacjoe_overflow_concentric_impassable,
          ebering_ghost_inner_flame, serial_curves, eino_curves_02,
          eino_curves_01, eino_curves_02, grunt_ministairs_5,
          amcnicky_mini_pool_medium
Temple:   nicolae_temple_no_exploring_needed

Skill      XL: |  1  2  3  4  5  6  7  8 |
---------------+-------------------------+-----
Short Blades   | 2 3 5 6 7 8 |  8.8
Shields        | 2 4 |  4.8
Fighting       | |  1.7
Throwing       | |  1.7
Dodging        | |  0.7
Stealth        | |  4.8

Action                   |  1- 3 |  4- 6 |  7- 9 || total
-------------------------+-------+-------+-------++-------
Melee: Dagger            |    85 |       |       ||    85
       Bite              |    21 |    60 |   110 ||   191
       Short sword       |     2 |   139 |   209 ||   350
  Use: Scroll            |       |     2 |       ||     2
 Stab: Sleeping          |     8 |    16 |     2 ||    26
       Distracted        |       |       |     2 ||     2
Armor: Robe              |     7 |       |       ||     7
       Leather armour    |     5 |    44 |   113 ||   162
Dodge: Dodged            |    19 |    53 |    89 ||   161
Block: Kite shield       |       |       |   134 ||   134

Table legend: (Time is in decaauts)
 A = Elapsed time spent in this place.
 B = Non-inter-level travel time spent in this place.
 C = Inter-level travel time spent in this place.
 D = Time resting spent in this place.
 E = Time spent auto-exploring this place.
 F = Levels seen in this place.
 G = Mean time per level.
                   A        B        C        D        E       F      G
               +--------+--------+--------+--------+--------+-----+--------+
         Total |   5332 |   5189 |    143 |    434 |   3589 |   7 |  761.7 |
       Dungeon |   5317 |   5175 |    142 |    434 |   3589 |   6 |  886.2 |
        Temple |     14 |     14 |      0 |      0 |      0 |   1 |   14.0 |
               +--------+--------+--------+--------+--------+-----+--------+

Top non-repeatable levels by time:
     D:1: 1365 daAuts
     D:4: 1271 daAuts
     D:2: 1035 daAuts
     D:3: 857 daAuts
     D:5: 645 daAuts
     D:6: 141 daAuts
  Temple: 14 daAuts
